 Dungeon Crawl Stone Soup version 0.31-a0-229-g1fc7ce93e2 (webtiles) character file.

Game seed: 13177977460214508694

1678 qw the Skirmisher (level 8, 0/70 HPs)
             Began as a Minotaur Hexslinger on July 6, 2023.
             Was a Follower of Okawaru.
             Slain by a gnoll sergeant
             ... wielding a +2 trident of protection
              (1 damage)
             ... on level 7 of the Dungeon.
             The game lasted 00:01:42 (5034 turns).

qw the Skirmisher (Minotaur Hexslinger)             Turns: 5034, Time: 00:01:43

Health: 0/70       AC:  9    Str: 14    XL:     8   Next: 70%
Magic:  7/9        EV: 15    Int: 10    God:    Okawaru [*.....]
Gold:   215        SH:  5    Dex: 20    Spells: 8/9 levels left

rFire   + . .        k - +1 sling (heavy)
rCold   . . .        (no shield)
rNeg    . . .        c - +0 ring mail
rPois   .            (helmet restricted)
rElec   .            (no cloak)
rCorr   .            g - +0 pair of gloves
SInv    .            o - +0 pair of boots
Will    .....        i - amulet of reflection
Stlth   +++          f - +6 ring of dexterity
HPRegen 0.31/turn    d - ring of protection from fire
MPRegen 0.11/turn

%: reflection
@: heroic
A: horns 2, retaliatory headbutt
a: Renounce Religion, Heroism


You were on level 7 of the Dungeon.
You worshipped Okawaru.
Okawaru was aware of your devotion.
You visited 1 branch of the dungeon, and saw 7 of its levels.

You collected 266 gold pieces.
You spent 51 gold pieces at shops.


Innate Abilities, Weirdness & Mutations

You have a pair of horns on your head.
You reflexively headbutt those who attack you in melee.


   Skills:
 - Level 6.1(11.1) Fighting
 + Level 9.7(14.7) Ranged Weapons
 - Level 2.3(7.3) Armour
 - Level 3.0(8.0) Dodging
 - Level 1.0 Spellcasting
 - Level 2.0 Hexes
 + Level 3.5 Invocations


You had 8 spell levels left.
You knew the following spells:

 Your Spells              Type           Power      Damage    Failure   Level
a - Slow                  Hex            16%        N/A       28%         1

Your spell library contained the following spells:

 Spells                   Type           Power      Damage    Failure   Level
 Inner Flame              Hex/Fire       2%         N/A       77%         3
 Portal Projectile        Hex/Tloc       4%         N/A       77%         3
 Cause Fear               Hex            2%         N/A       95%         4

Inventory:

Hand Weapons
 k - a +1 heavy sling (weapon)
Armour
 c - a +0 ring mail (worn)
 g - a +0 pair of gloves (worn)
 o - a +0 pair of boots (worn)
Jewellery
 d - a ring of protection from fire (right hand)
 f - a +6 ring of dexterity (left hand)
 i - an amulet of reflection (around neck)
 p - a +6 ring of strength
Wands
 e - a wand of digging (6)
Scrolls
 a - 2 scrolls of identify
 m - a scroll of fear {unknown}
Potions
 b - 2 potions of enlightenment
 h - a potion of mutation
 j - a potion of haste
 l - a potion of curing
 n - a potion of magic
 q - a potion of resistance

Dungeon Overview and Level Annotations

Branches:
Dungeon (7/15)             Temple (0/1) D:5

Altars:
Okawaru

Shops:
D:2 ?   D:3 [   D:5 (   D:6 *


Message History

You block the white imp's attack.
You shoot a sling bullet. The sling bullet hits Menkaure!
Menkaure is severely damaged.
Menkaure calls on the powers of darkness!
Your body is wracked with pain!
The gnoll sergeant convulses!
The gnoll convulses! x2; The gnoll sergeant closely misses you.
The white imp hits you. The white imp freezes you.
A gnoll comes into view. It is wielding a +0 club.
Menkaure barely misses you. You furiously retaliate!
You headbutt Menkaure!
You destroy Menkaure!
Okawaru accepts your kill.
The gnoll shouts!
Your Invocations skill increases to level 3!
You shoot a sling bullet.
The sling bullet closely misses the white imp.
The sling bullet closely misses the gnoll sergeant.
The sling bullet hits the gnoll!!
You kill the gnoll!
Okawaru accepts your kill. The white imp misses you. You furiously retaliate!
You headbutt the white imp. The gnoll sergeant barely misses you.
The gnoll barely misses you. You furiously retaliate!
You headbutt the gnoll!
You kill the gnoll!
Okawaru accepts your kill.
The white imp hits you but does no damage.
The gnoll sergeant hits you from afar with a +2 trident of protection.
You shoot a sling bullet. The sling bullet hits the orc wizard!!
You kill the orc wizard!
Okawaru accepts your kill. The white imp gestures at you.
The puff of frost misses you.
The gnoll sergeant hits you from afar with a +2 trident of protection.
You shoot a sling bullet.
The sling bullet barely misses the white imp.
The sling bullet barely misses the gnoll sergeant.
The sling bullet hits the gnoll!!
You kill the gnoll!
Okawaru accepts your kill.
The gnoll sergeant hits you from afar with a +2 trident of protection.
You die...

#....~.#
#.#...
#.#..~.#
#.###.
#.#.#~##
#.....
#.#.#~#
##.###
#.#.#~# #.#
# #.#.###
#.# # #.#.#
#.# #
..##.##.#.#
#.###
...))g5@#
#....
.###..)))..#
#..##
######).#
#..## ..#
#..## ..#
#..## ..#
#.... ..
##.## .##
#.## #.#


You could see a gnoll sergeant and a white imp.

Vanquished Creatures
  Menkaure (D:7)
  Duvessa (D:7)
  A phantom (D:5)
  Blork the orc (D:5)
  A kobold brigand (D:6)
  3 scorpions
  3 wights (D:7)
  Dowan (D:7)
  2 hounds
  3 jellies
  A gnoll bouda (D:6)
  An orc priest (D:3)
  A sleepcap (D:5)
  Natasha (thrice) (D:2)
  5 iguanas
  7 orc wizards
  7 adders
  7 gnolls
  A shadow imp (D:5)
  2 white imps
  3 ufetubi
  A worm (D:3)
  2 dart slugs
  13 orcs
  A bat (D:2)
  9 endoplasms
  9 goblins
  9 hobgoblins
  2 jackals (D:2)
  3 quokkas
  9 ball pythons
  3 frilled lizards
  10 kobolds
  7 rats
133 creatures vanquished.

Notes
Turn   | Place    | Note
-------+----------+-------------------------------------------
     0 | D:1      | qw the Minotaur Hexslinger began the quest for the Orb.
     0 | D:1      | Reached XP level 1. HP: 16/16 MP: 1/1
     0 | D:1      | 0 ||| qw: Version: 0.3-a-46-gb1f654a
     0 | D:1      | 0 ||| qw: Game counter: 1321
     0 | D:1      | 0 ||| qw: Melee chars always use a shield: true
     0 | D:1      | 0 ||| qw: God list: Okawaru
     0 | D:1      | 0 ||| qw: Allow faded altars: false
     0 | D:1      | 0 ||| qw: Do Orc after clearing Dungeon:15 true
     0 | D:1      | 0 ||| qw: Do second Lair branch before Depths: true
     0 | D:1      | 0 ||| qw: Lair rune preference: random
     0 | D:1      | 0 ||| qw: Goals: Normal
     0 | D:1      | 0 ||| PLANNING D:1-11
    47 | D:1      | 47 ||| UPGRADING to +0 leather armour.
    80 | D:1      | 80 ||| DROPPING +0 robe.
   349 | D:1      | 349 ||| UPGRADING to +0 pair of gloves.
   370 | D:1      | Reached skill level 3 in Ranged Weapons
   395 | D:1      | Reached XP level 2. HP: 23/23 MP: 2/2
   767 | D:1      | 767 ||| READING scroll labelled PIAMIC DIUMUFE.
   768 | D:1      | 768 ||| READING scroll labelled EREYR ZUGEOVIM.
   771 | D:1      | 771 ||| READING scroll labelled LIOCAN KEYPSIO.
   772 | D:1      | 772 ||| READING scroll labelled USOLOE EGGALEL.
   773 | D:1      | 773 ||| DRINKING 2 bubbling coppery potions.
   774 | D:1      | 774 ||| DRINKING 2 bubbling green potions.
   775 | D:1      | 775 ||| DROPPING scroll of poison.
   820 | D:2      | Found Poengot's Magic Scroll Shop.
   832 | D:2      | 832 ||| SHOPLISTING scroll of brand weapon (114 gold, have
                  | 51).
   832 | D:2      | 832 ||| SHOPLISTING scroll of enchant armour (90 gold, have
                  | 51).
   832 | D:2      | 832 ||| SHOPLISTING scroll of enchant weapon (90 gold, have
                  | 51).
   832 | D:2      | 832 ||| BUYING scroll of identify (24 gold).
   832 | D:2      | Bought a scroll of identify for 24 gold pieces
   832 | D:2      | 832 ||| SHOPLISTING scroll of teleportation (36 gold, have
                  | 27).
  1016 | D:2      | Noticed Natasha
  1022 | D:2      | Killed Natasha
  1023 | D:2      | Reached skill level 4 in Ranged Weapons
  1023 | D:2      | Reached XP level 3. HP: 28/29 MP: 3/3
  1109 | D:2      | Noticed Natasha
  1117 | D:2      | Killed Natasha
  1118 | D:2      | Reached XP level 4. HP: 21/36 MP: 4/4
  1141 | D:2      | Noticed Natasha
  1145 | D:2      | 1145 ||| Stepping ~*~*~tactically~*~*~ (outnumbered).
  1150 | D:2      | HP: 6/36 [Natasha/magic dart (6)]
  1151 | D:2      | 1151 ||| READING scroll of teleportation.
  1152 | D:2      | Killed Natasha
  1153 | D:2      | Reached skill level 5 in Ranged Weapons
  1576 | D:2      | 1576 ||| READING scroll labelled BEOPTE ROCEIPU.
  1577 | D:2      | 1577 ||| READING 5 scrolls of identify.
  1577 | D:2      | 1577 ||| IDENTIFYING brown potion
  1578 | D:2      | 1578 ||| READING 4 scrolls of identify.
  1578 | D:2      | 1578 ||| IDENTIFYING sapphire potion
  1579 | D:2      | 1579 ||| DROPPING potion of attraction.
  1580 | D:2      | 1580 ||| DROPPING potion of invisibility.
  1664 | D:3      | Found Vuicos's Antique Armour Shop.
  1672 | D:3      | 1672 ||| SHOPLISTING +4 moon troll leather armour {Spirit,
                  | Regen++ MP+5} (1471 gold, have 45).
  1672 | D:3      | 1672 ||| SHOPLISTING pair of boots (121 gold, have 45).
  1672 | D:3      | 1672 ||| SHOPLISTING ring mail (108 gold, have 45).
  1844 | D:3      | Reached skill level 3 in Fighting
  1898 | D:3      | Reached XP level 5. HP: 44/45 MP: 5/5
  2019 | D:3      | Found an iron altar of Okawaru.
  2020 | D:3      | 2020 ||| PLANNING OKAWARU WORSHIP
  2020 | D:3      | 2020 ||| READING 4 scrolls of identify.
  2020 | D:3      | 2020 ||| IDENTIFYING emerald potion
  2021 | D:3      | 2021 ||| READING 3 scrolls of identify.
  2021 | D:3      | 2021 ||| IDENTIFYING fizzy red potion
  2022 | D:3      | 2022 ||| DROPPING potion of berserk rage.
  2028 | D:3      | Became a worshipper of Warmaster Okawaru
  2029 | D:3      | 2029 ||| PLANNING D:1-11
  2512 | D:3      | 2512 ||| UPGRADING to +0 ring mail.
  2522 | D:3      | 2522 ||| DROPPING +0 leather armour.
  2523 | D:3      | 2523 ||| UPGRADING to amulet of reflection.
  2528 | D:3      | 2528 ||| UPGRADING to +6 ring of dexterity.
  2529 | D:3      | 2529 ||| READING 3 scrolls of identify.
  2529 | D:3      | 2529 ||| IDENTIFYING inky potion
  2592 | D:4      | Reached XP level 6. HP: 51/51 MP: 6/6
  2599 | D:4      | Reached skill level 6 in Ranged Weapons
  2657 | D:4      | Reached * piety under Okawaru
  2658 | D:4      | 2658 ||| INVOKING Heroism.
  3075 | D:4      | Reached skill level 1 in Invocations
  3198 | D:4      | 3198 ||| UPGRADING to ring of protection from fire.
  3199 | D:4      | 3199 ||| DROPPING +6 ring of intelligence.
  3233 | D:5      | Entered Level 5 of the Dungeon
  3248 | D:5      | 3248 ||| INVOKING Heroism.
  3277 | D:5      | 3277 ||| FLEEEEING.
  3278 | D:5      | 3278 ||| FLEEEEING.
  3279 | D:5      | 3279 ||| FLEEEEING.
  3284 | D:5      | 3284 ||| DRINKING potion of curing.
  3284 | D:5      | 3284 ||| (to cure confusion)
  3294 | D:5      | Reached XP level 7. HP: 31/59 MP: 7/7
  3406 | D:5      | 3406 ||| INVOKING Heroism.
  3436 | D:5      | Reached skill level 7 in Ranged Weapons
  3523 | D:5      | Reached skill level 3 in Dodging
  3569 | D:5      | Found a staircase to the Ecumenical Temple.
  3615 | D:5      | Noticed Blork the orc
  3616 | D:5      | 3616 ||| INVOKING Heroism.
  3624 | D:5      | HP: 13/59 [Blork the orc/+0 dire flail (7)]
  3625 | D:5      | Killed Blork the orc
  3627 | D:5      | Reached skill level 8 in Ranged Weapons
  3993 | D:5      | Found Riofuet's Weapon Shop.
  4155 | D:5      | 4155 ||| UPGRADING to +0 pair of boots.
  4160 | D:5      | 4160 ||| DROPPING amulet of guardian spirit.
  4161 | D:5      | 4161 ||| READING scroll labelled PUAC WEGAL.
  4162 | D:5      | 4162 ||| READING scroll labelled OVATZE OTID.
  4163 | D:5      | 4163 ||| READING scroll labelled QYLESHRUBEUF.
  4164 | D:5      | 4164 ||| READING 5 scrolls of identify.
  4164 | D:5      | 4164 ||| IDENTIFYING fuming cyan potion
  4200 | D:6      | 4200 ||| FLEEEEING.
  4201 | D:6      | 4201 ||| FLEEEEING.
  4202 | D:6      | 4202 ||| FLEEEEING.
  4209 | D:6      | 4209 ||| STAIRDANCE
  4274 | D:6      | 4274 ||| INVOKING Heroism.
  4451 | D:6      | Reached XP level 8. HP: 68/68 MP: 8/8
  4464 | D:6      | 4464 ||| Stepping ~*~*~tactically~*~*~ (outnumbered).
  4497 | D:6      | 4497 ||| INVOKING Heroism.
  4718 | D:6      | Found Vodagge's Assorted Antiques.
  4722 | D:6      | 4722 ||| SHOPLISTING potion of resistance (300 gold, have
                  | 234).
  4722 | D:6      | 4722 ||| BUYING puce potion (27 gold).
  4722 | D:6      | Bought a puce potion for 27 gold pieces
  4722 | D:6      | 4722 ||| SHOPLISTING scroll of brand weapon (285 gold, have
                  | 207).
  4759 | D:6      | 4759 ||| READING 4 scrolls of identify.
  4759 | D:6      | 4759 ||| IDENTIFYING silvery potion
  4760 | D:6      | 4760 ||| READING 3 scrolls of identify.
  4760 | D:6      | 4760 ||| IDENTIFYING puce potion
  4761 | D:6      | 4761 ||| DROPPING potion of lignification.
  4782 | D:7      | 4782 ||| DRINKING 2 potions of curing.
  4782 | D:7      | 4782 ||| (to cure confusion)
  4784 | D:7      | Reached skill level 9 in Ranged Weapons
  4850 | D:7      | 4850 ||| INVOKING Heroism.
  4854 | D:7      | Reached skill level 6 in Fighting
  5019 | D:7      | Noticed Duvessa
  5019 | D:7      | Noticed Dowan
  5020 | D:7      | 5020 ||| INVOKING Heroism.
  5020 | D:7      | Noticed Menkaure
  5026 | D:7      | Killed Duvessa
  5028 | D:7      | Killed Dowan
  5031 | D:7      | HP: 10/70 [??? (8)]
  5031 | D:7      | Killed Menkaure
  5032 | D:7      | Reached skill level 3 in Invocations
  5032 | D:7      | HP: 2/70 [gnoll sergeant/+2 trident of protection (4)]
  5034 | D:7      | Slain by a gnoll sergeant

Levels and vault maps discovered:
D:1:      nicolae_arrival_somewhat_less_tricky_arrival, layout_loops_ring,
          serial_glass, glass_columns_b, glass_columns_b
D:2:      layout_loops_cross, serial_shops, nicolae_shop_crystal,
          minmay_octomino_j4, uniq_natasha
D:3:      layout_loops_corners, okawaru_gym_becter, serial_shops,
          nicolae_shop_statue_plus, kennysheep_generic_room_7
D:4:      layout_loops_ring
D:5:      layout_loops_ring, temple_green, serial_shops, shop,
          uniq_blork_the_orc
D:6:      layout_basic, serial_shops, nicolae_shop_pleasant_corner_grove
D:7:      layout_loops_ring, grunt_temple_overflow_open,
          chequers_serial_rivers_micro_a, kennysheep_another_room,
          uniq_menkaure, uniq_duvessa

Skill      XL: |  1  2  3  4  5  6  7  8 |
---------------+-------------------------+-----
Ranged Weapons | 3 4 5 6 8 9 |  9.7
Fighting       | 2 3 4 5 6 |  6.1
Armour         | 2 |  2.3
Invocations    | 1 3 |  3.5
Dodging        | 3 |  3.0
Spellcasting   | |  1.0
Hexes          | |  2.0

Action                     |  1- 3 |  4- 6 |  7- 9 || total
---------------------------+-------+-------+-------++-------
   Fire: Sling             |    77 |   151 |   121 ||   349
 Invoke: Heroism           |       |     2 |     6 ||     8
    Use: Scroll            |     4 |     7 |     6 ||    17
         Potion            |     2 |     1 |     1 ||     4
 Armour: Leather armour    |     6 |    15 |       ||    21
         Ring mail         |       |    18 |    18 ||    36
  Dodge: Dodged            |    24 |    43 |    48 ||   115
  Block: Other             |       |     4 |    18 ||    22

Table legend:
 A = Non-vault XP
 B = Vault XP
 C = Vault XP percentage of total XP
 D = Non-vault monster count
 E = Vault monster count
 F = Vault count percentage of total count
                 A         B        C        D         E       F
            +---------+---------+-------+---------+---------+-------
      Total |    1878 |     528 |  21.9 |     124 |       9 |   6.8
            +---------+---------+-------+---------+---------+-------
        D:1 |      15 |       0 |   0.0 |      11 |       0 |   0.0
        D:2 |     117 |      40 |  25.5 |      22 |       4 |  15.4
        D:3 |     122 |       2 |   1.6 |      21 |       1 |   4.5
        D:4 |     320 |       0 |   0.0 |      18 |       0 |   0.0
        D:5 |     453 |     100 |  18.1 |      19 |       1 |   5.0
        D:6 |     488 |       0 |   0.0 |      19 |       0 |   0.0
        D:7 |     363 |     386 |  51.5 |      14 |       3 |  17.6
            +---------+---------+-------+---------+---------+-------
